 Dungeon Crawl Stone Soup version 0.20.0-15-g7f486f2 (webtiles) character file.

219 skittles the Firebug (level 5, -5/57 HPs)
             Began as a Draconian Fire Elementalist on June 20, 2017.
             Killed from afar by an orc wizard (6 damage)
             ... with a puff of flame
             ... on level 4 of the Dungeon.
             The game lasted 00:07:08 (3709 turns).

skittles the Firebug (Draconian Fire Elementalist)  Turns: 3709, Time: 00:07:09

Health: -5/57      AC:  5    Str: 15    XL:     5   Next: 64%
Magic:  6/10       EV: 12    Int: 17    God:
Gold:   126        SH:  0    Dex: 11    Spells: 3/11 levels left

rFire    . . .     SeeInvis .   f - +2 dagger (freeze)
rCold    . . .     Gourm    .   (no shield)
rNeg     . . .     Faith    .   (armour unavailable)
rPois    .         Spirit   .   (helmet restricted)
rElec    .         Reflect  .   (no cloak)
rCorr    .         Harm     .   (no gloves)
MR       .....                  (no boots)
Stlth    ..........             (no amulet)
Regen    0.2/turn               (no ring)
MPRegen  0.2/turn               (no ring)

@: confused, berserking (expiring), very quick
A: unfitting armour, cold-blooded, AC +5
a: no special abilities


You were on level 4 of the Dungeon.
You were hungry.

You visited 1 branch of the dungeon, and saw 4 of its levels.

You collected 126 gold pieces.

Inventory:

Hand Weapons
 f - a +2 dagger of freezing (weapon)
Armour
 j - a +0 shield
Jewellery
 s - a +3 amulet of reflection {unknown}
 t - a +3 ring of intelligence {unknown}
 u - a cursed ring of loudness {unknown}
Scrolls
 e - 2 scrolls of remove curse {unknown}
 i - 5 scrolls of identify {unknown}
 k - a scroll of teleportation {unknown}
 l - 2 scrolls of recharging {unknown}
 p - 2 scrolls of magic mapping {unknown}
 w - a scroll of noise {unknown}
 x - a scroll of fear {unknown}
Potions
 c - a potion of curing
 d - a potion of berserk rage
 h - a potion of ambrosia {unknown}
 m - a potion of heal wounds {unknown}
 o - 2 potions of magic {unknown}
 r - a potion of haste {unknown}
 v - a potion of might {unknown}
Books
 a - a book of Flames

   Spells                             Type                      Level
   a - Flame Tongue                   Conjuration/Fire             1
   b - Throw Flame                    Conjuration/Fire             2
   c - Conjure Flame                  Conjuration/Fire             3
   d - Inner Flame                    Hexes/Fire                   3
   e - Sticky Flame                   Conjuration/Fire             4
   f - Fireball                       Conjuration/Fire             5
Comestibles
 b - 6 bread rations
 g - 5 royal jellies
 n - 2 meat rations
 q - a chunk of flesh


   Skills:
 - Level 1.7 Dodging
 - Level 1.7 Stealth
 + Level 3.5 Spellcasting
 + Level 3.4 Conjurations
 + Level 4.2 Fire Magic


You had 3 spell levels left.
You knew the following spells:

 Your Spells              Type           Power        Failure   Level  Hunger
a - Flame Tongue          Conj/Fire      ###..        3%          1    None
b - Conjure Flame         Conj/Fire      ###.....     11%         3    ###....
c - Sticky Flame          Conj/Fire      ###.....     34%         4    ####...


Dungeon Overview and Level Annotations

Branches:
Dungeon (4/15)
 Temple: D:4-7

Altars:
Dithmenos
Gozag


Innate Abilities, Weirdness & Mutations

Your plain brown scales are hard. (AC +5)
You cannot fit into any form of body armour.
You are cold-blooded and may be slowed by cold attacks.


Message History

You puncture the orc! You freeze the orc.
You kill the orc!
You miss something. The orc closely misses you. Something hits you.
* * * LOW HITPOINT WARNING * * *
You closely miss something.
The orc hits you from afar with a trident.
* * * LOW HITPOINT WARNING * * *
You hear some strange, mumbled words.
You are confused.
You barely miss something.
An orc wizard appears from thin air!
Reactivating autopickup.
You are too berserk!
You are too berserk!
You're too confused to move!
The orc wizard hits you but does no damage.
The orc closely misses you.
You feel a strong urge to attack something.
The orc wizard casts a spell at you. The puff of flame hits you!
You die...

#'#### ..######.....#...####
.....###+###..#(.........#...# #
.....#........#..........#.......
..(..#........#..........#.......
.....#........#..........#.......
.....#........#..........#.......
.....#........#..........#.......
..............#.o........#.......
.........###'##o@........#...####
#######..##........#######
#....#...†....# #....#........#
#....#........# #....#........#
#....#........# ##...#........#
#.......##


You could see an orc wizard and an orc.

Vanquished Creatures
  A howler monkey (D:4)
  An orc wizard (D:4)
  2 worker ants (D:4)
  An adder (D:2)
  5 worms
  2 leopard geckos (D:1)
  12 orcs
  2 giant cockroaches
  9 goblins
  3 hobgoblins
  5 jackals
  5 kobolds
  A quokka (D:2)
  7 bats
  7 frilled lizards
  A leopard gecko skeleton (D:4)
  6 rats
70 creatures vanquished.

Notes
Turn   | Place    | Note
-------+----------+-------------------------------------------
     0 | D:1      | skittles the Draconian Fire Elementalist began the quest for the Orb.
     0 | D:1      | Reached XP level 1. HP: 14/14 MP: 3/3
   558 | D:1      | Reached XP level 2. HP: 14/20 MP: 5/5
  1630 | D:2      | Reached XP level 3. HP: 10/26 MP: 0/6
  2177 | D:2      | Found an opulent altar of Gozag.
  2423 | D:3      | Reached XP level 4. HP: 22/33 MP: 3/8
  2582 | D:3      | Found a shadowy altar of Dithmenos.
  3319 | D:4      | Learned a level 3 spell: Conjure Flame
  3324 | D:4      | Learned a level 4 spell: Sticky Flame
  3388 | D:4      | Reached skill level 4 in Fire Magic
  3388 | D:4      | Reached XP level 5. HP: 32/38 MP: 5/10
  3696 | D:4      | HP: 1/38 [something/puff of flame (7)]
  3706 | D:4      | HP: 1/57 [orc/trident (2)]
  3709 | D:4      | Killed from afar by an orc wizard

Skill      XL: |  1  2  3  4 |
---------------+-------------+-----
Conjurations   | 2 3 |  3.4
Spellcasting   | 3 |  3.5
Fire Magic     | 4 |  4.2
Dodging        | |  1.7
Stealth        | |  1.7

Action                   |  1- 3 |  4- 6 || total
-------------------------+-------+-------++-------
Melee: Dagger            |    83 |    61 ||   144
       Tailslap          |     4 |     2 ||     6
 Cast: Flame Tongue      |    30 |    14 ||    44
       Sticky Flame      |       |     2 ||     2
  Use: Potion            |       |     2 ||     2
 Stab: Sleeping          |     3 |     3 ||     6
  Eat: Chunk             |     5 |     4 ||     9
Armor: Skin              |    29 |     6 ||    35
Dodge: Dodged            |    65 |    41 ||   106
